 Dungeon Crawl Stone Soup version 0.16.1-17-g773cdaf (webtiles) character file.

7906 dmz the Devastator (level 11, -4/54 HPs)
             Began as a Deep Elf Conjurer on Apr 20, 2015.
             Was a Priest of Vehumet.
             Killed by divine providence
             ... invoked by an orc priest
              (15 damage)
             ... on level 2 of the Orcish Mines on Apr 21, 2015.
             The game lasted 02:29:30 (15518 turns).

dmz the Devastator (Deep Elf Conjurer)             Turns: 15518, Time: 02:29:30

Health: -4/54      AC: 13    Str: 10    XL:     11   Next: 2%
Magic:  4/25       EV: 12    Int: 22    God:    Vehumet [***...]
Gold:   619        SH:  0    Dex: 15    Spells: 5 memorised, 1 level left

rFire  . . .     SeeInvis .     K - +2 quarterstaff (protect)
rCold  . . .     Clarity  .     w - +1 leather armour {rPois}
rNeg   + . .     SustAb   .     (no shield)
rPois  +         Gourm    .     (no helmet)
rElec  .         Spirit   .     e - +0 cloak
rCorr  .         Warding  .     (no gloves)
rMut   +         Stasis   .     U - +2 pair of boots
MR     +....                    N - amulet of resist mutation
Stlth  ++........               o - +3 ring of strength
                                A - ring of positive energy

@: somewhat resistant to hostile enchantments, unstealthy
A: no striking features
a: Renounce Religion


You were on level 2 of the Orcish Mines.
You worshipped Vehumet.
Vehumet was most pleased with you.
You were not hungry.

You visited 3 branches of the dungeon, and saw 12 of its levels.

You collected 619 gold pieces.

Inventory:

Hand weapons
 m - a +2 whip of freezing
 r - a +4 short sword
 v - a +1 flail of protection
 x - a +0 dagger
 K - a +2 quarterstaff of protection (weapon)
 R - a +3 dagger
 S - a +0 blowgun
Missiles
 T - 14 poisoned needles
Armour
 e - a +0 cloak (worn)
 w - a +1 leather armour of poison resistance (worn)
 U - a +2 pair of boots (worn)
Jewellery
 o - a +3 ring of strength (right hand)
 q - an uncursed ring of flight
 A - a ring of positive energy (left hand)
 J - an uncursed ring of ice
 N - an amulet of resist mutation (around neck)
Magical devices
 l - a wand of magic darts (22)
 H - a wand of random effects (25)
 M - a wand of fireball (0)
 Z - a wand of flame (20)
Scrolls
 d - a scroll of amnesia
 f - 2 scrolls of remove curse
 n - 4 scrolls of recharging
 y - a scroll of identify
 B - a scroll of fog
 D - 3 scrolls of teleportation
 O - a scroll of silence
Potions
 g - 2 potions of poison {unknown}
 j - 2 potions of brilliance
 u - 2 potions of haste
 z - 2 potions of berserk rage
 C - a potion of might {unknown}
 E - 3 potions of lignification
 F - a potion of restore abilities {unknown}
 G - 2 potions of resistance {unknown}
 L - 2 potions of invisibility {unknown}
 P - 2 potions of curing
 Q - 2 potions of agility
Books
 c - a book of Conjurations

   Spells                             Type                      Level
   a - Magic Dart                     Conjuration                  1
   b - Searing Ray                    Conjuration                  2
   c - Dazzling Spray                 Conjuration/Hexes            3
   d - Fulminant Prism                Conjuration/Hexes            4
   e - Iskenderun's Mystic Blast      Conjuration                  4
   f - Iskenderun's Battlesphere      Conjuration/Charms           5
 p - a Necronomicon {highlevel, unknown}

   This book is beyond your current level of understanding.

   Spells                             Type                      Level
   a - Haunt                          Necromancy/Summoning         7
   b - Borgnjor's Revivification      Necromancy                   8
   c - Death's Door                   Charms/Necromancy            8
   d - Necromutation                  Transmutation/Necromancy     8
 W - a Grand Grimoire {highlevel, unknown}

   This book is beyond your current level of understanding.

   Spells                             Type                      Level
   a - Aura of Abjuration             Summoning                    6
   b - Summon Greater Demon           Summoning                    7
   c - Malign Gateway                 Summoning/Translocation      7
   d - Summon Horrible Things         Summoning                    8
Miscellaneous
 V - a crystal ball of energy
Comestibles
 a - a chunk of flesh
 b - 8 bread rations
 h - 7 meat rations
 t - 6 beef jerkies
 I - 4 fruits


   Skills:
 - Level 0.2 Short Blades
 * Level 3.2 Staves
 - Level 1.0 Armour
 - Level 2.4 Dodging
 - Level 2.4 Stealth
 - Level 3.0 Spellcasting
 + Level 17.2 Conjurations
 * Level 0.8 Charms
 - Level 0.4 Fire Magic
 - Level 0.5 Evocations


You had one spell level left.
You knew the following spells:

 Your Spells              Type           Power        Failure   Level  Hunger
a - Magic Dart            Conj           ####         0%          1    None
b - Searing Ray           Conj           ######       1%          2    ##.....
c - Iskenderun's Mystic   Conj           ######..     1%          4    ####...
d - Iskenderun's Battles  Conj/Chrm      #####...     4%          5    ######.
e - Conjure Flame         Conj/Fire      #####...     1%          3    ###....


Dungeon Overview and Level Annotations

Branches:
Dungeon (9/15)             Temple (1/1) D:7             Orc (2/4) D:9
   Lair: D:8-11

Altars:
Ashenzari
Cheibriados
Dithmenos
Elyvilon
Fedhas
Gozag
Kikubaaqudgha
Makhleb
Nemelex Xobeh
Okawaru
Qazlal
Ru
Sif Muna
Trog
Vehumet
Xom
Yredelemnul
Zin
The Shining One

Shops:
Orc:2 [

Annotations:
D:4 Eustachio; veritasnyx7210's ghost, average GrAK


Message History

You feel your power returning.
The orb of energy explodes!
You are feeling hungry.
An orc priest comes into view. It is wielding a trident.
Eat one of 2 chunks of flesh? (ye/n/q/i?) This raw flesh tastes terrible.
You continue eating. x2
The orc priest becomes somewhat translucent.
Things that are here:
a battleaxe; a plate armour The orc wizard shouts!
The orc closely misses you.
The orc priest invokes the aid of Beogh against you.
Something smites you!
* * * LOW HITPOINT WARNING * * *
The orc wizard casts a spell.
The orc wizard blinks!
The orc misses you.
The orc priest invokes the aid of Beogh against you.
Something smites you!
You die...

#.#...#....#.##
#...#....## #
##.#......#
#.......#
#......##
#......#
###.....##
##.#.._...## #
#.....@....#.##
.##.............
...#....o........
..#.$...o........
.....o..........#
........o.....###
#....o.......##
.........>...#
..#.#.....8....


You could see 2 orc priests, an orc wizard and 2 orcs.

Vanquished Creatures
  Pikel (D:6)
  A wizard (D:9)
  A centaur zombie (D:9)
  A troll (D:9)
  5 large abominations (D:9)
  A spriggan (D:9)
  A wyvern (D:9)
  A hippogriff (D:8)
  2 slaves
  3 ice beasts
  5 sky beasts
  A black bear (D:9)
  6 ogres
  3 centaurs
  4 orc warriors
  3 phantoms
  Sigmund (D:7)
  A big kobold (D:6)
  5 giant frogs
  7 small abominations (D:9)
  5 scorpions
  A water moccasin skeleton (D:8)
  3 killer bees (D:8)
  A vampire bat (D:9)
  5 crimson imps
  A jelly (D:8)
  A wasp zombie (D:7)
  An iguana (D:8)
  2 hounds
  8 orc priests
  5 worker ants
  A centaur skeleton (D:7)
  10 orc wizards
  A worker ant zombie (D:8)
  12 adders
  7 gnolls
  A river rat (D:4)
  A white imp (D:4)
  A shadow imp (D:9)
  3 giant mites
  7 worms
  An adder zombie (D:6)
  2 adder skeletons
  5 giant geckos
  50 orcs
  12 bats
  3 bat skeletons (D:9)
  6 bat zombies
  13 hobgoblins
  7 jackals
  6 quokkas
  3 ball pythons
  4 giant cockroaches
  A giant gecko skeleton (D:4)
  A giant gecko zombie (D:7)
  21 goblins
  A jackal skeleton (D:4)
  27 kobolds
  A quokka zombie (D:8)
  31 rats
325 creatures vanquished.

Vanquished Creatures (others)
  A giant frog skeleton (D:6)
  An adder (D:6)
  A shadow imp (D:6)
3 creatures vanquished.

Grand Total: 328 creatures vanquished

Notes
Turn   | Place    | Note
--------------------------------------------------------------
     0 | D:1      | dmz, the Deep Elf Conjurer, began the quest for the Orb.
     0 | D:1      | Reached XP level 1. HP: 10/10 MP: 5/5
   132 | D:1      | Reached XP level 2. HP: 15/15 MP: 6/8
   143 | D:1      | Reached skill level 5 in Conjurations
   589 | D:2      | Reached XP level 3. HP: 19/19 MP: 1/10
   929 | D:2      | Reached skill level 6 in Conjurations
   958 | D:2      | Reached XP level 4. HP: 24/24 MP: 6/13
  2533 | D:3      | Reached skill level 7 in Conjurations
  2533 | D:3      | Reached XP level 5. HP: 28/28 MP: 13/16
  3652 | D:4      | Noticed a phantom
  3667 | D:4      | Killed a phantom
  3667 | D:4      | Reached skill level 8 in Conjurations
  3667 | D:4      | Reached XP level 6. HP: 32/32 MP: 5/18
  3869 | D:4      | Reached skill level 1 in Armour
  3887 | D:4      | Noticed an ogre
  3893 | D:4      | Killed an ogre
  3913 | D:4      | Found a glowing golden altar of the Shining One.
  4030 | D:4      | Reached skill level 9 in Conjurations
  4030 | D:4      | Reached XP level 7. HP: 24/36 MP: 6/20
  4269 | D:4      | Noticed Eustachio
  4277 | D:4      | Noticed veritasnyx7210's ghost (average GrAK)
  4308 | D:4      | HP: 1/36 [quasit[Eustachio] (1)]
  5445 | D:3      | Learned a level 2 spell: Searing Ray
  5450 | D:3      | Learned a level 4 spell: Iskenderun's Mystic Blast
  6296 | D:5      | Entered Level 5 of the Dungeon
  6308 | D:5      | Reached skill level 10 in Conjurations
  6454 | D:6      | Noticed Pikel
  6942 | D:5      | Reached XP level 8. HP: 41/41 MP: 11/21
  7096 | D:5      | Reached skill level 11 in Conjurations
  7658 | D:6      | Killed Pikel
  7658 | D:6      | Reached skill level 12 in Conjurations
  8312 | D:6      | Found a snail-covered altar of Cheibriados.
  8541 | D:6      | HP: 2/41 [centaur/poisoned arrow (15)]
  8548 | D:6      | Reached XP level 9. HP: 9/45 MP: 11/22
  9012 | D:7      | Reached skill level 13 in Conjurations
  9018 | D:7      | Found a staircase to the Ecumenical Temple.
  9029 | Temple   | Entered the Ecumenical Temple
  9227 | Temple   | Became a worshipper of Vehumet
  9307 | D:7      | Reached skill level 1 in Staves
  9323 | D:7      | Noticed Sigmund
  9332 | D:7      | Killed Sigmund
  9380 | D:7      | Found a shadowy altar of Dithmenos.
  9735 | D:7      | Found a bloodstained altar of Trog.
 10151 | D:7      | Found a sparkling altar of Nemelex Xobeh.
 10152 | D:7      | Found a burning altar of Makhleb.
 10156 | D:7      | Upgraded the game from 0.16.1-16-gc44b35d to 0.16.1-17-g773cdaf
 10297 | D:8      | Acquired Vehumet's first power
 10297 | D:8      | Offered knowledge of Sandblast by Vehumet.
 10308 | D:8      | Reached skill level 14 in Conjurations
 11553 | D:8      | Found a deep blue altar of Sif Muna.
 11587 | D:8      | Offered knowledge of Throw Flame by Vehumet.
 11930 | D:8      | Reached skill level 15 in Conjurations
 11930 | D:8      | Reached XP level 10. HP: 50/50 MP: 18/24
 12455 | D:9      | Learned a level 5 spell: Iskenderun's Battlesphere
 12695 | D:9      | Found an ancient bone altar of Kikubaaqudgha.
 13311 | D:9      | Offered knowledge of Conjure Flame by Vehumet.
 13468 | D:9      | Found a staircase to the Orcish Mines.
 13565 | D:9      | Noticed a wizard
 13588 | D:9      | Killed a wizard
 13588 | D:9      | Reached skill level 16 in Conjurations
 13603 | D:9      | Acquired Vehumet's second power
 13783 | D:9      | Learned a level 3 spell: Conjure Flame
 13930 | D:9      | Noticed a large abomination
 14103 | D:9      | Killed a large abomination
 14804 | D:9      | Noticed a centaur zombie
 14815 | D:9      | Killed a centaur zombie
 14815 | D:9      | Reached skill level 17 in Conjurations
 15348 | Orc:1    | Entered Level 1 of the Orcish Mines
 15351 | Orc:1    | Offered knowledge of Stone Arrow by Vehumet.
 15400 | Orc:2    | Reached XP level 11. HP: 48/54 MP: 9/25
 15493 | Orc:2    | Found a radiant altar of Vehumet.
 15504 | Orc:2    | Found Pnaipexi's Antique Armour Emporium.
 15518 | Orc:2    | Killed from afar by an orc priest

Action                   |  1- 3 |  4- 6 |  7- 9 | 10-12 || total
-------------------------+-------+-------+-------+-------++-------
Melee: Unarmed           |     8 |       |       |       ||     8
       Flail             |       |     3 |    14 |       ||    17
       Quarterstaff      |       |       |    15 |    33 ||    48
 Cast: Magic Dart        |    66 |   166 |   217 |   133 ||   582
       Searing Ray       |       |       |    61 |    34 ||    95
       Iskenderun's Myst |       |       |    12 |    15 ||    27
       Iskenderun's Batt |       |       |       |     7 ||     7
       Conjure Flame     |       |       |       |     2 ||     2
Evoke: Wand              |       |       |     2 |       ||     2
  Use: Scroll            |       |     2 |    11 |     5 ||    18
       Potion            |       |       |     7 |     1 ||     8
 Stab: Sleeping          |       |       |       |     1 ||     1
  Eat: Chunk             |       |     9 |    18 |     7 ||    34
       Bread ration      |       |       |     2 |     2 ||     4
       Fruit             |       |       |     1 |       ||     1
       Pizza             |       |       |       |     2 ||     2
